 Dungeon Crawl Stone Soup version 0.26-a0-667-g92642533e4 (webtiles) character file.

Game seed: 10461924689699873477

227334 Roikka the Messiah (level 18, -14/170 HPs)
             Began as a Hill Orc Monk on Oct 9, 2020.
             Was the Champion of Beogh.
             Shot with a bolt by a yaktaur captain (30 damage)
             ... on level 2 of the Vaults on Oct 17, 2020.
             The game lasted 03:07:22 (44987 turns).

Roikka the Messiah (Hill Orc Monk)                 Turns: 44987, Time: 03:07:24

Health: -14/170    AC: 35    Str: 27    XL:     18   Next: 92%
Magic:  31/31      EV: 10    Int: 17    God:    Beogh [******]
Gold:   4261       SH: 23    Dex: 14    Spells: 17/17 levels left

rFire    + + .     SeeInvis +   S - +7 broad axe (flame)
rCold    x . .     Faith    +   h - +2 tower shield {AC+3}
rNeg     + + .     Spirit   .   X - +8 fire dragon scales "Ufeneucu" {-Cast rPois rF++ rC- rCorr Dex-5}
rPois    +         Reflect  .   o - +1 hat of Nongost {+Inv rElec Int+4 Slay+2}
rElec    +         Harm     .   H - +2 cloak
rCorr    +         Rampage  .   m - +1 pair of gloves {archery}
MR       ++...     NoCast   +   V - +2 pair of boots
Stlth    ..........             G - amulet of faith
HPRegen  0.38/turn              F - ring of protection from magic
MPRegen  0.22/turn              Y - ring of the Grey Skies {rN++ Str+3 Int+3 Dex+6 SInv}

@: no status effects
A: walk on water, strong 1
}: 2/15 runes: decaying, serpentine
a: Smiting, Recall Orcish Followers, Give Item to Named Follower, Resurrection,
Renounce Religion, Evoke Invisibility


You were on level 2 of the Vaults.
You worshipped Beogh.
Beogh was exalted by your worship.
You visited 6 branches of the dungeon, and saw 33 of its levels.
You also visited: Bailey, Gauntlet and Ice Cave.

You collected 4853 gold pieces.
You spent 592 gold pieces at shops.

Inventory:

Hand Weapons
 b - the +5 trident of the Hierophant {holy, Dex+3}
   (You found it on level 4 of the Dungeon)

   It has been blessed by the Shining One to cause great damage to the undead
   and demons.
   It affects your dexterity (+3).
 s - the +8 battleaxe "Kusseuh" {spect, rF+}
   (You acquired it on level 1 of the Orcish Mines)

   It retains the spirit of the tree from which it was made.
   In the hands of one skilled in evocations this spirit is drawn out to fight
   along side the wielder.
   It protects you from fire.
 S - a +7 broad axe of flaming (weapon)
Missiles
 f - 10 throwing nets (quivered)
Armour
 h - a +2 tower shield of protection (worn)
 m - a +1 pair of gloves of archery (worn)
 o - the +1 hat of Nongost (worn) {+Inv rElec Int+4 Slay+2}
   (You found it in an ice cave)

   It affects your intelligence (+4).
   It affects your accuracy and damage with ranged weapons and melee attacks
   (+2).
   It insulates you from electricity.
   It lets you turn invisible.
 H - a +2 cloak (worn)
 V - a +2 pair of boots (worn)
 X - the +8 fire dragon scales "Ufeneucu" (worn) {-Cast rPois rF++ rC- rCorr Dex-5}
   (You took it off a gnoll sergeant in a bailey)

   It affects your dexterity (-5).
   It greatly protects you from fire.
   It makes you vulnerable to cold.
   It protects you from poison.
   It prevents spellcasting.
   It provides partial protection from all sources of acid and corrosion.
Jewellery
 g - an uncursed ring of poison resistance
 F - a ring of protection from magic (left hand)
 G - an amulet of faith (around neck)
 J - an uncursed ring of protection from cold
 W - a +4 ring of protection
 Y - the ring of the Grey Skies (right hand) {rN++ Str+3 Int+3 Dex+6 SInv}
   (You found it on level 12 of the Dungeon)

   [ring of dexterity]

   It affects your strength (+3).
   It affects your intelligence (+3).
   It affects your dexterity (+6).
   It greatly protects you from negative energy.
   It lets you see invisible.
 Z - the ring of Entrepreneurial Spirit {Fire *Drain rElec rN++ Stlth+}
   (You found it on level 2 of the Swamp)

   [ring of fire]

   It enhances your fire magic.
   It protects you from fire.
   It makes you vulnerable to cold.
   It insulates you from electricity.
   It greatly protects you from negative energy.
   It causes draining when unequipped.
   It makes you more stealthy.
Wands
 k - a wand of flame (92)
 u - a wand of acid (27)
 y - a wand of random effects (20)
 C - a wand of disintegration (17)
 D - a wand of iceblast (26)
 U - a wand of digging (5)
Scrolls
 d - 17 scrolls of teleportation
 j - a scroll of fear
 n - 16 scrolls of remove curse
 r - 4 scrolls of blinking
 w - 14 scrolls of identify
 E - a scroll of summoning
 L - 8 scrolls of magic mapping
 M - 2 scrolls of fog
 Q - 3 scrolls of enchant armour
Potions
 c - 7 potions of curing
 e - 3 potions of ambrosia
 i - 4 potions of heal wounds
 l - 4 potions of might
 p - a potion of berserk rage
 q - 6 potions of resistance
 t - 9 potions of flight
 v - 6 potions of lignification
 x - 5 potions of haste
 z - 7 potions of mutation
 A - 3 potions of invisibility
 B - 4 potions of stabbing
 R - 2 potions of cancellation
Miscellaneous
 O - a phantom mirror
 T - a phantom mirror


   Skills:
 + Level 17.3 Fighting
 - Level 17.3(18.0) Axes
 - Level 7.5(12.2) Polearms
 + Level 16.0 Armour
 - Level 4.0 Dodging
 - Level 1.5 Stealth
 + Level 15.8 Shields
 + Level 18.5 Invocations


You had 17 spell levels left.
You didn't know any spells.
Your spell library contained the following spells:

 Spells                   Type           Power        Failure   Level
 Beastly Appendage        Tmut           #.....       83%         1
 Shock                    Conj/Air       #...         83%         1
 Sting                    Tmut/Pois      #...         83%         1
 Summon Small Mammal      Summ           #...         83%         1
 Call Imp                 Summ           #.......     92%         2
 Corpse Rot               Necr/Air       N/A          92%         2
 Ensorcelled Hibernation  Hex/Ice        #.....       92%         2
 Poisonous Vapours        Pois/Air       #.....       92%         2
 Searing Ray              Conj           #.....       92%         2
 Swiftness                Air            #.......     92%         2
 Wereblood                Tmut           #.......     92%         2
 Call Canine Familiar     Summ           #.......     99%         3
 Conjure Flame            Conj/Fire      #.......     99%         3
 Dazzling Flash           Conj/Hex       #.....       99%         3
 Mephitic Cloud           Conj/Pois/Air  #.......     99%         3
 Spider Form              Tmut/Pois      #.........   99%         3
 Static Discharge         Conj/Air       #.......     99%         3
 Stone Arrow              Conj/Erth      #.....       99%         3
 Summon Guardian Golem    Hex/Summ       #.......     99%         3
 Airstrike                Air            #.........   100%        4
 Ice Form                 Ice/Tmut       #.......     100%        4
 Leda's Liquefaction      Hex/Erth       #.........   100%        4
 Olgreb's Toxic Radiance  Pois           #.......     100%        4
 Summon Ice Beast         Ice/Summ       #.......     100%        4
 Summon Lightning Spire   Summ/Air       #.......     100%        4
 Blade Hands              Tmut           #.........   100%        5
 Borgnjor's Vile Clutch   Necr/Erth      #.........   100%        5
 Irradiate                Conj/Tmut      #.........   100%        5
 Lightning Bolt           Conj/Air       #.........   100%        5
 Metabolic Englaciation   Hex/Ice        #.........   100%        5
 Silence                  Hex/Air        #.........   100%        5
 Summon Forest            Summ/Tloc      #.........   100%        5
 Conjure Ball Lightning   Conj/Air       #.........   100%        6
 Eringya's Noxious Bog    Tmut/Pois      #.........   100%        6
 Freezing Cloud           Conj/Ice/Air   #.........   100%        6
 Hydra Form               Tmut           #.........   100%        6
 Ozocubu's Refrigeration  Ice            #.........   100%        6
 Shadow Creatures         Summ           N/A          100%        6
 Simulacrum               Ice/Necr       #.........   100%        6
 Statue Form              Tmut/Erth      #........    100%        6
 Dragon Form              Tmut           #.........   100%        7
 Malign Gateway           Summ/Tloc      #.........   100%        7
 Monstrous Menagerie      Summ           #.........   100%        7
 Orb of Destruction       Conj           #.........   100%        7
 Summon Greater Demon     Summ           #.........   100%        7
 Summon Hydra             Summ           #.........   100%        7
 Summon Horrible Things   Summ           #.........   100%        8
 Tornado                  Air            #.........   100%        9


Dungeon Overview and Level Annotations

Branches:
Dungeon (15/15)            Temple (0/1) D:4            Lair (6/6) D:9
  Swamp (4/4) Lair:2        Snake (4/4) Lair:4        Slime (0/5) Lair:6
    Orc (2/2) D:12            Elf (0/3) Orc:2        Vaults (1/5) D:13
 Depths (0/5) D:15         Bailey (visited)           IceCv (visited)
Gauntlet (visited)

Altars:
Ashenzari
Hepliaklqana
Makhleb
Nemelex Xobeh
Sif Muna
Trog
Xom
Beogh

Shops:
D:8 ?   D:14 *   Orc:1 (   Orc:2 ((}*=(*

Portals:
Trove: D:13 (show abyssal rune of Zot)


Innate Abilities, Weirdness & Mutations

You can walk on water.
Your muscles are strong. (Str +2)


Message History

The skeletal warrior hits you but does no damage.
As you read the scroll of teleportation, it crumbles to dust.
You feel strangely unstable.
Unknown command.
As you read the scroll of holy word, it crumbles to dust.
You speak a Word of immense power!
The skeletal warrior convulses! x5
The skeletal warrior is lost in a daze.
You block the skeletal warrior's attack.
A skeletal warrior opens the door.
Unknown command.
Your surroundings suddenly seem different.
You now have 4261 gold pieces (gained 54).
As you open the door, it creaks loudly!
A yaktaur captain, 2 ettins and a vault sentinel come into view.
An ettin is wielding a +0 dire flail and a +2 dire flail of holy wrath.
The ettin shouts in stereo! x2; The vault sentinel shouts!
The yaktaur captain shouts!
The yaktaur captain wields a +0 arbalest.
The yaktaur captain shoots a bolt.
The bolt hits you!!
You die...

...# ...# ...# ...#
...# ...# ### ...# ..C#
...###############...##
...#...).?#.....@'..C.#
.zz'C.o)..'(.....#...##
z.z#.....)#..?..?+ ..p#
...############### .##
...# c# ...# # ...#
...# ...


You could see a yaktaur captain, 2 ettins and a vault sentinel.

Vanquished Creatures
  2 thorn hunters
  The ghost of Rywnuynonna the Peltast, an adept HuWn of Kikubaaqudgha (Snake:3)
  Donald (Snake:1)
  8 nagarajas (Snake:4)
  Roxanne (Swamp:2)
  A very ugly thing (Swamp:2)
  An entropy weaver (Lair:5)
  A minotaur (Gauntlet)
  Snorg (D:12)
  A fire dragon (Lair:6)
  2 yaktaur captains
  11 naga warriors
  Erolcha (D:12)
  A rakshasa (D:9)
  2 shambling mangroves
  An ice dragon (Lair:6)
  4 vault guards (D:13)
  15 hydras
  8 anacondas
  A boulder beetle (D:12)
  5 centaur warriors
  3 two-headed ogres
  18 alligators
  3 death yaks (Lair:6)
  An orc high priest (Orc:2)
  13 naga sharpshooters
  A tengu warrior (D:15)
  4 shock serpents
  A fire crab (shapeshifter) (Gauntlet)
  Sonja (Orc:2)
  2 unseen horrors
  A salamander mystic (Snake:3)
  A spriggan druid (Swamp:2)
  10 swamp dragons
  9 naga ritualists
  2 lindwurms (Lair:6)
  Pikel (D:9)
  A necromancer (IceCv)
  A harpy (D:9)
  2 deep elf archers
  An ironbrand convoker (Vaults:1)
  2 orc sorcerers (Orc:2)
  17 ugly things
  A deep elf mage (D:11)
  5 salamanders
  4 mana vipers
  2 cyclopes
  16 elephants
  A guardian serpent (Snake:1)
  2 ice statues (IceCv)
  21 naga magi
  26 black mambas
  17 cane toads
  2 gargoyles
  5 torpor snails (Lair:6)
  4 rime drakes (Lair:6)
  A kobold demonologist (D:11)
  A yaktaur (shapeshifter) (D:12)
  An efreet (D:15)
  9 komodo dragons
  A tengu conjurer (D:12)
  6 ice devils
  9 trolls
  12 hornets
  14 tyrant leeches
  Grinder (D:5)
  A harpy skeleton (D:15)
  4 blink frogs
  17 bog bodies
  6 slime creatures
  5 spriggans
  7 shadows
  2 tarantellas (shapeshifter)
  2 wraiths
  27 yaks
  2 basilisks (Lair:6)
  3 steam dragons
  19 vampire mosquitoes
  12 insubstantial wisps
  2 wargs
  18 swamp worms
  2 acid dragons (Lair:6)
  34 nagas
  3 soldier ants (Lair:6)
  9 water moccasins
  5 orc warriors
  18 swamp drakes
  4 sky beasts
  4 ice beasts
  3 necrophages
  4 black bears
  5 ogres
  An eye of draining (D:13)
  3 phantoms
  A boggart (Vaults:2)
  12 centaurs
  A wolf (Lair:3)
  A big kobold (D:13)
  9 gnoll sergeants
  2 wyvern zombies
  17 bullfrogs
  A water moccasin zombie (D:9)
  4 scorpions
  A water moccasin skeleton (D:9)
  5 killer bees (D:10)
  7 wights
  5 howler monkeys
  6 hounds
  4 centaur zombies
  11 jellies
  2 draconian simulacra (IceCv)
  A bullfrog zombie (D:8)
  3 centaur skeletons
  5 orc wizards
  9 orc priests
  3 bullfrog skeletons
  6 gnoll shamans (Bailey)
  9 iguanas
  18 worker ants
  A troll simulacrum (IceCv)
  A centaur simulacrum (IceCv)
  A hound zombie (D:5)
  A worker ant zombie (D:9)
  9 adders
  22 gnolls
  4 naga simulacra (IceCv)
  2 ogre simulacra (IceCv)
  A river rat (D:4)
  8 white imps
  An ufetubus (D:7)
  3 oozes
  An adder skeleton (D:9)
  6 worms
  3 dart slugs
  6 leopard geckos
  15 orcs
  2 giant cockroaches (D:4)
  3 goblins (D:1)
  7 hobgoblins
  7 jackals
  2 quokkas
  3 ball pythons
  6 bats
  6 frilled lizards
  10 kobolds
  A quokka skeleton (D:5)
  A quokka zombie (D:5)
  13 rats
  4 briar patches (Swamp:4)
  A plant (Lair:5)
841 creatures vanquished.

Vanquished Creatures (collateral kills)
  the Lernaean hydra (Swamp:4)
  The ghost of drasked the Brawler, an adept TrHu of Okawaru (Swamp:2)
  An entropy weaver (Lair:6)
  A very ugly thing (Swamp:1)
  The ghost of nojaa the Basher, a journeyman TrCK of Xom (D:11)
  A dire elephant (Lair:3)
  A yaktaur captain (D:13)
  2 naga warriors
  A boulder beetle (D:8)
  2 hydras (Lair:2)
  2 centaur warriors
  A catoblepas (D:8)
  An alligator (Swamp:3)
  A death knight (D:13)
  2 anacondas (Snake:2)
  An ogre mage (D:11)
  A two-headed ogre (D:8)
  A queen ant (Lair:5)
  A death yak (Lair:5)
  2 naga sharpshooters
  A deep troll (D:15)
  A swamp dragon (Swamp:3)
  2 oklob plants (Lair:3)
  2 deep elf magi
  9 ugly things
  A salamander (Snake:1)
  15 elephants
  4 black mambas
  2 naga magi (Snake:1)
  Maggie (D:8)
  A gargoyle (D:8)
  8 cane toads
  A rime drake (Lair:5)
  2 kobold demonologists (D:11)
  A freezing wraith (D:14)
  3 komodo dragons
  A hornet (D:9)
  5 trolls
  2 polar bears
  A tyrant leech (Lair:2)
  11 blink frogs
  2 bog bodies
  5 slime creatures (Swamp:3)
  A shadow (D:14)
  A vampire (D:15)
  20 yaks
  3 basilisks (Lair:5)
  3 wraiths
  A vampire mosquito (Swamp:3)
  A steam dragon (D:10)
  3 swamp worms (Swamp:3)
  2 wargs
  3 insubstantial wisps
  4 nagas
  An acid dragon (D:14)
  4 water moccasins
  A swamp drake (Lair:3)
  5 orc warriors
  4 sky beasts
  An ice beast (D:15)
  A black bear (D:9)
  2 eyes of draining
  6 ogres
  4 wolves (Lair:3)
  A centaur (D:8)
  A lemure (D:9)
  A big kobold (D:11)
  8 bullfrogs
  A scorpion (D:9)
  A water moccasin skeleton (D:9)
  4 wights
  A bullfrog zombie (D:9)
  A jelly (Lair:5)
  4 orc priests
  3 hounds
  3 orc wizards
  A bullfrog skeleton (D:11)
  8 worker ants
  A worker ant zombie (D:9)
  3 gnolls (D:10)
  An adder (D:9)
  A white imp (D:9)
  An ooze (Lair:5)
  7 orcs
  A kobold (D:11)
230 creatures vanquished.

Vanquished Creatures (others)
  An orc high priest (Snake:4)
  5 orc warriors
  2 orc knights
  A black mamba (Snake:1)
  A komodo dragon (Lair:6)
  A tyrant leech (Swamp:2)
  A slime creature (D:12)
  A yak (Lair:6)
  A naga (Snake:4)
  8 orc priests
  15 orc wizards
  A worker ant (Lair:6)
  20 orcs
  147 fungi
  160 plants
365 creatures vanquished.

Grand Total: 1436 creatures vanquished

Notes
Turn   | Place    | Note
-------+----------+-------------------------------------------
     0 | D:1      | Roikka the Hill Orc Monk began the quest for the Orb.
     0 | D:1      | Reached XP level 1. HP: 19/19 MP: 1/1
   322 | D:1      | Reached XP level 2. HP: 26/27 MP: 2/2
   547 | D:1      | Reached skill level 1 in Armour
   813 | D:2      | Reached XP level 3. HP: 22/33 MP: 3/3
  1026 | D:2      | Reached skill level 5 in Axes
  1752 | D:3      | Reached XP level 4. HP: 40/40 MP: 4/4
  1898 | D:3      | Found a broken altar of Ashenzari.
  1900 | D:3      | Found a bloodstained altar of Trog.
  2918 | D:4      | Found a staircase to the Ecumenical Temple.
  3694 | D:4      | Reached XP level 5. HP: 3/47 MP: 5/5
  4023 | D:4      | Got a shimmering trident
  4024 | D:4      | Identified the +5 trident of the Hierophant {holy, Dex+3}
                  | (You found it on level 4 of the Dungeon)
  4320 | D:4      | Found a burning altar of Makhleb.
  4583 | D:5      | Entered Level 5 of the Dungeon
  4612 | D:5      | Reached skill level 5 in Fighting
  4612 | D:5      | Reached XP level 6. HP: 52/56 MP: 6/6
  4779 | D:5      | Noticed Grinder
  4790 | D:5      | Killed Grinder
  4790 | D:5      | Reached XP level 7. HP: 46/61 MP: 7/7
  5210 | D:5      | Found a shimmering altar of Xom.
  5731 | D:6      | Reached XP level 8. HP: 58/69 MP: 8/8
  5863 | D:6      | Reached skill level 5 in Polearms
  5975 | D:6      | Reached skill level 5 in Armour
  6426 | D:7      | Became a worshipper of Beogh the Brigand
  6426 | D:7      | Reached * piety under Beogh
  6426 | D:7      | Reached ** piety under Beogh
  6449 | D:7      | Reached XP level 9. HP: 72/78 MP: 9/9
  7084 | D:8      | Reached skill level 1 in Invocations
  7191 | D:8      | Reached skill level 2 in Invocations
  7225 | D:8      | Reached *** piety under Beogh
  7368 | D:8      | Reached skill level 1 in Shields
  7432 | D:8      | Got a pitted bone amulet
  7445 | D:8      | Identified the amulet of Neskidojua {Acrobat +Fly Str+5
                  | Int-3} (You found it on level 8 of the Dungeon)
  7479 | D:8      | Found Kiepn's Magic Scroll Shop.
  7503 | D:8      | Bought a scroll of noise for 14 gold pieces
  7503 | D:8      | Bought a scroll of identify for 28 gold pieces
  7503 | D:8      | Bought a scroll of identify for 28 gold pieces
  7782 | D:8      | Reached skill level 3 in Invocations
  8116 | D:9      | Noticed Pikel
  8125 | D:9      | Killed Pikel
  8125 | D:9      | Reached skill level 4 in Invocations
  8125 | D:9      | Reached XP level 10. HP: 86/90 MP: 11/13
  8171 | D:9      | Noticed a harpy
  8177 | D:9      | Killed a harpy
  8191 | D:9      | Reached skill level 5 in Invocations
  8202 | D:9      | Gained Ugbert as an ally
  8209 | D:9      | Identified the +6 chain mail of Xom's Castigation {rPois
                  | MP+9}
  8213 | D:9      | Reached **** piety under Beogh
  8213 | D:9      | Noticed a rakshasa
  8221 | D:9      | Killed a rakshasa
  8221 | D:9      | Noticed a boulder beetle
  8227 | D:9      | Noticed a gargoyle
  8229 | D:9      | Noticed a catoblepas
  8249 | D:9      | HP: 4/91 [something (5)]
  8584 | D:8      | Killed a gargoyle
  8584 | D:8      | Reached skill level 6 in Invocations
  8597 | D:8      | Killed a boulder beetle
  8597 | D:8      | Reached skill level 10 in Fighting
  8597 | D:8      | Reached skill level 5 in Shields
  8698 | D:9      | Noticed a two-headed ogre
  8705 | D:9      | Noticed Maggie
  8717 | D:8      | Killed a two-headed ogre
  8717 | D:8      | Reached XP level 11. HP: 17/99 MP: 14/16
  8718 | D:8      | Upgraded the game from 0.26-a0-661-g406de6ba63 to
                  | 0.26-a0-663-g36e8fdb655
  9141 | D:8      | Killed Maggie
  9159 | D:8      | Killed an unseen horror
  9159 | D:8      | Reached skill level 7 in Invocations
  9264 | D:8      | Killed a catoblepas
 10139 | D:9      | Reached skill level 8 in Invocations
 10504 | D:9      | Found a staircase to the Lair.
 10702 | D:9      | Reached ***** piety under Beogh
 10759 | D:10     | Entered Level 10 of the Dungeon
 10771 | D:10     | Found a sparkling altar of Nemelex Xobeh.
 11207 | D:10     | Reached skill level 10 in Axes
 11608 | D:11     | Reached skill level 9 in Invocations
 12219 | D:12     | Noticed a deep elf mage
 12225 | D:11     | Killed a deep elf mage
 12233 | D:12     | Found a flagged portal.
 12239 | Bailey   | Entered a bailey
 12560 | Bailey   | Identified the +8 fire dragon scales "Ufeneucu" {-Cast
                  | rPois rF++ rC- rCorr Dex-5}
 12569 | Bailey   | Reached ****** piety under Beogh
 12894 | D:12     | Reached XP level 12. HP: 104/110 MP: 19/19
 13054 | D:12     | Noticed a seven-headed hydra
 13089 | D:12     | Killed a seven-headed hydra
 13296 | D:12     | Gained Arbeogh as an ally
 13296 | D:12     | Reached skill level 10 in Invocations
 13361 | D:12     | Noticed Snorg
 13379 | D:12     | Killed Snorg
 13684 | D:12     | Found a runed translucent door.
 13688 | D:12     | Noticed nojaa's ghost (journeyman TrCK)
 13717 | D:11     | Killed nojaa's ghost
 13846 | D:12     | Got a steaming plate armour
 13857 | D:12     | Identified the cursed +1 plate armour of the Sparrow {rPois
                  | Dex+5} (You found it on level 12 of the Dungeon)
 13970 | D:12     | Found a staircase to the Orcish Mines.
 13974 | D:12     | Noticed a boulder beetle
 14026 | D:12     | Killed a boulder beetle
 14451 | D:12     | Noticed a centaur warrior
 14452 | D:12     | Noticed a centaur warrior
 14474 | D:12     | Killed a centaur warrior
 14474 | D:12     | Reached skill level 11 in Invocations
 14485 | D:12     | Killed a centaur warrior
 14499 | D:12     | Got a crude copper ring
 14510 | D:12     | Got a slimy ring mail
 14521 | D:12     | Identified the cursed +1 ring mail of Logew {*Contam Str+3
                  | SInv} (You found it on level 12 of the Dungeon)
 14527 | D:12     | Gained mutation: Your muscles are strong. (Str +2)
                  | [mutagenic glow]
 14614 | D:12     | Noticed a centaur warrior
 14634 | D:12     | Killed a centaur warrior
 14728 | D:12     | Noticed a soul eater
 15061 | D:11     | Noticed a sun demon
 15348 | D:12     | Noticed an ogre mage
 15414 | D:11     | Killed an ogre mage
 15497 | D:12     | Reached XP level 13. HP: 76/118 MP: 21/21
 15656 | D:12     | Identified the ring of the Grey Skies {rN++ Str+3 Int+3
                  | Dex+6 SInv} (You found it on level 12 of the Dungeon)
 15807 | Orc:1    | Entered Level 1 of the Orcish Mines
 15891 | Lair:1   | Entered Level 1 of the Lair of Beasts
 15914 | Lair:1   | Gained Bolgrim as an ally
 15992 | Lair:1   | Reached skill level 10 in Shields
 16035 | Lair:1   | Reached skill level 12 in Invocations
 16994 | Lair:2   | Found a staircase to the Swamp.
 17000 | Lair:2   | Gained Rocco as an ally
 17238 | Lair:2   | Found the +2 shield of Resistance {rF++ rC++ MR++}
 17246 | Lair:2   | Reached skill level 10 in Armour
 17530 | Lair:3   | Gained Bogric as an ally
 17531 | Lair:3   | Found a gate leading to a gauntlet.
 17613 | Gauntlet | Entered a Gauntlet
 17613 | Gauntlet | Found a transporter.
 17613 | Gauntlet | Found a transporter.
 17614 | Gauntlet | Found a transporter.
 17618 | Gauntlet | Found a transporter.
 17620 | Gauntlet | Found a large runed translucent door.
 17622 | Gauntlet | Found a large runed translucent door.
 17622 | Gauntlet | Found a large runed translucent door.
 17622 | Gauntlet | Found a large runed translucent door.
 17622 | Gauntlet | Found a runed translucent door.
 17623 | Gauntlet | Found a large runed translucent door.
 17625 | Gauntlet | Found a large runed translucent door.
 17625 | Gauntlet | Found a large runed translucent door.
 17625 | Gauntlet | Found a large runed translucent door.
 17626 | Gauntlet | Found a runed translucent gate.
 17628 | Gauntlet | Found a transporter.
 17649 | Gauntlet | Found a transporter.
 17649 | Gauntlet | Found a runed translucent gate.
 17650 | Gauntlet | Found a runed translucent gate.
 17651 | Gauntlet | Found a large runed translucent door.
 17651 | Gauntlet | Found a large runed translucent door.
 17652 | Gauntlet | Found a large runed translucent door.
 17653 | Gauntlet | Found a large runed translucent door.
 17655 | Gauntlet | Found a transporter.
 17663 | Gauntlet | Found a transporter.
 17681 | Gauntlet | Found a transporter.
 17689 | Gauntlet | Found a transporter.
 17706 | Gauntlet | Found a transporter.
 17722 | Gauntlet | Found a transporter.
 17745 | Gauntlet | Found a large runed translucent door.
 17746 | Gauntlet | Found a large runed translucent door.
 17748 | Gauntlet | Got a pair of masterwork boots
 17754 | Gauntlet | Identified the +0 pair of boots of the Morning Star {Harm
                  | rF- Regen+ Int+5} (You found it in a Gauntlet)
 17801 | Gauntlet | Found a large runed translucent door.
 17802 | Gauntlet | Found a large runed translucent door.
 17827 | Gauntlet | Found a runed translucent door.
 17896 | Gauntlet | Identified the +1 shortbow "Killer Bee's Doom" {venom,
                  | +Blink}
 17896 | Gauntlet | Noticed a minotaur
 17917 | Gauntlet | Killed a minotaur
 17929 | Gauntlet | Identified the Handbook of Intoxication
 18314 | Lair:2   | Reached skill level 13 in Invocations
 19070 | Lair:3   | Gained Gorm as an ally
 19334 | Lair:3   | Reached XP level 14. HP: 108/127 MP: 24/24
 19967 | Lair:4   | Noticed a dire elephant
 20010 | Lair:3   | Killed a dire elephant
 20095 | Lair:4   | Gained Bogric as an ally
 20099 | Lair:4   | Your ally Bogric died
 20116 | Lair:4   | Gained Korbok as an ally
 20139 | Lair:4   | Found a staircase to the Snake Pit.
 20752 | Lair:5   | Reached skill level 14 in Invocations
 21369 | Lair:6   | Entered Level 6 of the Lair of Beasts
 21460 | Lair:6   | Found a frozen archway.
 21478 | IceCv    | Entered an ice cave
 22085 | IceCv    | Got a faintly humming hat
 22091 | IceCv    | Got a bloodstained trident
 22097 | IceCv    | Identified the +1 hat of Nongost {+Inv rElec Int+4 Slay+2}
                  | (You found it in an ice cave)
 22108 | IceCv    | Identified the +8 trident of Casou {vorpal, *Corrode rPois
                  | rC- Stlth+} (You found it in an ice cave)
 22197 | Lair:6   | Found a staircase to the Slime Pits.
 22235 | Lair:5   | HP: 4/129 [komodo dragon (17)]
 22240 | Lair:5   | HP: 5/129 [poisoned by a black mamba]
 23014 | Lair:6   | Noticed an entropy weaver
 23023 | Lair:5   | Killed an entropy weaver
 23110 | Lair:6   | Noticed an entropy weaver
 23129 | Lair:6   | Killed an entropy weaver
 23570 | Lair:6   | Reached XP level 15. HP: 85/137 MP: 25/25
 24157 | Lair:6   | Found a runed translucent door.
 24654 | Lair:6   | Reached skill level 15 in Invocations
 25248 | Swamp:1  | Entered Level 1 of the Swamp
 25329 | Swamp:1  | Noticed a thorn hunter
 25356 | Swamp:1  | Killed a thorn hunter
 25790 | Swamp:1  | Got a warped cloak
 25801 | Swamp:1  | Identified the cursed -3 cloak of Burning Fun {Str+4} (You
                  | found it on level 1 of the Swamp)
 26639 | Swamp:1  | Gained Warbeogh as an ally
 26911 | Swamp:1  | Got a shimmering plate armour
 26922 | Swamp:1  | Identified the +4 plate armour "Kememn" {+Inv Int+5} (You
                  | found it on level 1 of the Swamp)
 27395 | Swamp:2  | Noticed Roxanne
 28187 | Swamp:2  | Killed Roxanne
 28487 | Swamp:2  | Found a runed translucent gate.
 28488 | Swamp:2  | Found a runed translucent gate.
 28489 | Swamp:2  | Found a runed translucent gate.
 28491 | Swamp:2  | Noticed drasked's ghost (adept TrHu)
 28513 | Swamp:2  | Killed drasked's ghost
 29232 | D:13     | Found a gate to the Vaults.
 29277 | D:13     | Reached XP level 16. HP: 85/147 MP: 27/27
 29820 | D:13     | Found a portal to a secret trove of treasure.
 30304 | D:14     | Found Gak Of Vodo's Changing Room.
 30578 | D:14     | Reached skill level 15 in Fighting
 30901 | D:15     | Entered Level 15 of the Dungeon
 31500 | D:15     | Reached skill level 15 in Axes
 31540 | D:15     | Reached skill level 16 in Invocations
 31548 | D:15     | Found a staircase to the Depths.
 32003 | Orc:1    | Noticed Erolcha
 32025 | D:12     | Killed Erolcha
 32121 | Orc:1    | Found Adisen's Antique Weapon Emporium.
 32138 | Orc:1    | Bought a runed broad axe for 252 gold pieces
 32178 | Orc:1    | Identified a scroll of acquirement
 32178 | Orc:1    | Acquired the +8 battleaxe "Kusseuh" {spect, rF+}
 32329 | Orc:1    | Found a roughly hewn altar of Beogh.
 32573 | Orc:2    | Entered Level 2 of the Orcish Mines
 32573 | Orc:2    | Found Veih's Weapon Shop.
 32580 | Orc:2    | Found Koffokoe's Assorted Antiques.
 32677 | Orc:2    | Found a staircase to the Elven Halls.
 32699 | Orc:2    | Found Nezat's Jewellery Shoppe.
 32842 | Orc:2    | Found a roughly hewn altar of Beogh.
 32847 | Orc:2    | Noticed Sonja
 32860 | Orc:2    | Killed Sonja
 33169 | Orc:2    | Found Nybul's Gadget Shop.
 33169 | Orc:2    | Found Sileti Cer's Jewellery Boutique.
 33170 | Orc:2    | Found Jeus's Assorted Antiques.
 33176 | Orc:2    | Found Qeetsud's Antique Weapon Shop.
 33206 | Orc:2    | Bought a pair of runed boots for 270 gold pieces
 33263 | Orc:2    | Found Qotyfune's Weapon Shoppe.
 33559 | Swamp:2  | Got a steaming turquoise ring
 33561 | Swamp:2  | Identified the ring of Entrepreneurial Spirit {Fire *Drain
                  | rElec rN++ Stlth+} (You found it on level 2 of the Swamp)
 33904 | Swamp:2  | Found a shimmering blue altar of Sif Muna.
 34314 | Swamp:3  | Found a hazy altar of Hepliaklqana.
 34511 | Swamp:3  | Gained Gorg as an ally
 34884 | Swamp:4  | Entered Level 4 of the Swamp
 35685 | Swamp:4  | Reached XP level 17. HP: 144/157 MP: 29/29
 36204 | Swamp:4  | Noticed the 27-headed Lernaean hydra
 36217 | Swamp:4  | Killed the 23-headed Lernaean hydra
 36681 | Swamp:4  | Got a decaying rune of Zot
 36714 | Swamp:4  | Reached skill level 17 in Invocations
 37443 | Snake:1  | Entered Level 1 of the Snake Pit
 37447 | Snake:1  | You fall into a shaft and drop 1 floor!
 37496 | Snake:2  | Gained Murdo as an ally
 38388 | Snake:1  | Noticed Donald
 38397 | Snake:1  | Killed Donald
 38652 | Snake:1  | Reached skill level 15 in Armour
 39383 | Snake:2  | Upgraded the game from 0.26-a0-663-g36e8fdb655 to
                  | 0.26-a0-667-g92642533e4
 39647 | Snake:2  | Reached XP level 18. HP: 151/168 MP: 30/30
 40185 | Snake:2  | Reached skill level 15 in Shields
 40370 | Snake:3  | Found a runed translucent door.
 40570 | Snake:3  | Noticed Rywnuynonna's ghost (adept HuWn)
 40591 | Snake:3  | Killed Rywnuynonna's ghost
 40597 | Snake:3  | Identified the Grimoire of Dusty Confrontation
 40780 | Snake:3  | Acquired 702 gold pieces
 41512 | Snake:4  | Entered Level 4 of the Snake Pit
 42199 | Snake:4  | Gained Agrik as an ally
 42239 | Snake:4  | Reached skill level 18 in Invocations
 42291 | Snake:4  | Your ally Agrik died
 44352 | Snake:4  | Got a serpentine rune of Zot
 44736 | Vaults:1 | Entered Level 1 of the Vaults
 44954 | Vaults:1 | You fall into a shaft and drop 1 floor!
 44987 | Vaults:2 | Shot with a bolt by a yaktaur captain

Illustrated notes

Levels and vault maps discovered:
D:1:      lightli_molten_gateway, layout_rooms, corexii_item_surrounded_by_moat
D:2:      cheibrodos_old_hovel, layout_loops_ring
D:3:      cheibrodos_helix_gallery, layout_basic,
          chequers_temple_overflow_statue_of_worship
D:4:      layout_layer_cave, marbit_many_paths, temple_hall,
          gup_sewer_entry_spiral
D:5:      layout_loops_cross, old_standard_altar, kennysheep_another_room,
          uniq_grinder
D:6:      layout_loops_ring
D:7:      layout_rooms
D:8:      layout_cave_pods, serial_shops, shop_coins, serial_bayou_crossing
D:9:      minmay_the_grid_square_5x5_4x4 [minmay_the_grid_square_5x5_comb,
          minmay_the_grid_square_5x5_fat_x,
          minmay_the_grid_square_5x5_six_small, minmay_the_grid_square_5x5_c,
          minmay_the_grid_square_5x5_inner_i,
          minmay_the_grid_square_5x5_prize_monsterx,
          minmay_the_grid_square_5x5_prize_snowflake,
          minmay_the_grid_square_5x5_meh, minmay_the_grid_square_5x5_minivault,
          minmay_the_grid_square_5x5_prize_itemx,
          minmay_the_grid_square_5x5_prize_junk,
          minmay_the_grid_square_5x5_one_wall,
          minmay_the_grid_square_5x5_bridge,
          minmay_the_grid_square_5x5_hourglass,
          minmay_the_grid_square_5x5_checkered,
          minmay_the_grid_square_5x5_empty], layout_loops_cross,
          grunt_lair_entry_orc_guard_hut, uniq_maggie, uniq_pikel
D:10:     layout_loops_ring, basic_altar, hangedman_misty_isle
D:11:     layout_roguey, grunt_ministairs_5
D:12:     minmay_swirls_squares, layout_irregular_city, orc_0_dummy,
          enter_bailey_2, ebering_ghost_inner_flame, minivault_24, uniq_snorg
D:13:     layout_rooms, lightli_vaults_fourway_checkpoint, enter_trove_6,
          blue_anna_alchemist [blue_anna_fruit_fields, blue_anna_fruit_fields]
D:14:     layout_loops_cross, minmay_misc_feat_roman,
          nicolae_transmutations_shop
D:15:     hangedman_depths_entry_civil_slaughter, layout_long_grid, minivault_25
Lair:1:   layout_concentric_octagons, grunt_megastairs_5, lemuel_fruit_tree
Lair:2:   layout_gridlike, skrybe_swamp_entry_bodies,
          chequers_serial_rivers_marsh
Lair:3:   layout_cave_shapes, gauntlet_entry_generic, hibernation_bobbens,
          minmay_lair_oklob_chamber
Lair:4:   mu_elephants_graveyard, layout_gridlike,
          minmay_snake_entry_guardpost_medium, lemuel_fruit_fields,
          serial_bayou_shore_a
Lair:5:   layout_gridlike
Lair:6:   wormcave, layout_loops_ring, guppyfry_lair_end_dragon,
          nicolae_slime_entry_slimehenge, portal_ice_cave_rime,
          minmay_another_anthill
Swamp:1:  layout_falls_marsh, evilmike_swamp_ruin_rubble_1
Swamp:2:  layout_falls_marsh, ebering_ghost_rock_garden,
          evilmike_swamp_ruin_house_1, swamp_pool5, nicolae_swamp_godswood,
          uniq_roxanne
Swamp:3:  layout_basic_swamp, lemuel_altar_in_water
Swamp:4:  grunt_swamp_rune_castle, layout_basic_swamp,
          nicolae_swamp_alligator_family, infiniplex_staircase_pool
Snake:1:  layout_misc_corridors, nicolae_coiled_stairwell_down, uniq_donald
Snake:2:  layout_rooms
Snake:3:  layout_honeycomb, ebering_ghost_reflecting_pool
Snake:4:  snake_pit, layout_basic, grunt_ministairs_7
Orc:1:    layout_caves, serial_shops, shop, david_defended_altar_orc,
          uniq_erolcha
Orc:2:    st_orc_mages, layout_diamond_mine, basic_altar, serial_shops,
          shop_statue, shop, shop, minmay_shop_enchanted_jewellery, uniq_sonja
Vaults:1: hangedman_vaults_hat, ontoclasm_vaults_ring_small, v_misc_33,
          v_misc_30, v_pattern_1, vaults_standard_mumra_enter_the_diamond,
          v_misc_15, vaults_mumra_lcd, ontoclasm_vaults_eye, v_misc_14,
          nicolae_vaults_asterisk, nicolae_vaults_specimen_jars,
          layout_vaults_ring
Vaults:2: v_misc_1, vaults_room_boxed, v_alt_pattern_2,
          nicolae_vaults_border_crossing, nicolae_vaults_rhombus_6,
          vaults_mumra_minichess, v_misc_10, dpeg_vaults_waves,
          grunt_vaults_hallway_long, vaults_room_door_ring,
          layout_vaults_omnicross, serial_shops, freezing_bzr

Skill      XL: |  1  2  3  4  5  6  7  8  9 10 11 12 13 14 15 16 17 18 |
---------------+-------------------------------------------------------+-----
Armour         | 1 2 3 4 5 6 7 8 9 10 11 12 14 15 16 | 16.0
Fighting       | 4 5 6 7 9 10 11 12 13 14 15 16 17 | 17.3
Axes           | 5 6 7 8 9 10 11 12 13 14 15 17 | 17.3
Polearms       | 2 4 6 7 |  7.5
Invocations    | 4 6 9 11 13 14 15 16 17 18 | 18.5
Shields        | 3 5 7 9 11 12 13 14 15 | 15.8
Dodging        | 3 4 |  4.0
Stealth        | |  1.5

Action                   |  1- 3 |  4- 6 |  7- 9 | 10-12 | 13-15 | 16-18 || total
-------------------------+-------+-------+-------+-------+-------+-------++-------
Melee: Hand axe          |   144 |    99 |       |       |       |       ||   243
       Trident           |       |    72 |   254 |   426 |   105 |    34 ||   891
       War axe           |       |       |       |   338 |  1319 |   153 ||  1810
       Broad axe         |       |       |       |       |       |  1102 ||  1102
Invok: Convert to Beogh  |       |       |     1 |       |       |       ||     1
       Recall Orcish Fol |       |       |       |     4 |     7 |     8 ||    19
       Smiting           |       |       |       |     1 |     3 |     2 ||     6
       Give Item to Name |       |       |       |     2 |     4 |       ||     6
Evoke: Phantom mirror    |       |       |       |       |       |     1 ||     1
  Use: Scroll            |       |     8 |    11 |     9 |    20 |    14 ||    62
       Potion            |       |       |       |     2 |     5 |     1 ||     8
 Stab: Sleeping          |     2 |       |       |       |       |       ||     2
       Distracted        |       |       |       |     2 |    10 |     3 ||    15
       Confused          |       |       |       |       |     2 |       ||     2
Armor: Robe              |    12 |       |       |       |       |       ||    12
       Leather armour    |    12 |       |       |       |       |       ||    12
       Scale mail        |    34 |    70 |    43 |       |       |       ||   147
       Chain mail        |       |       |    39 |   488 |    80 |       ||   607
       Ice dragon scales |       |       |       |       |   118 |       ||   118
       Fire dragon scale |       |       |       |       |   520 |   601 ||  1121
Dodge: Dodged            |    86 |    75 |    72 |   232 |   388 |   256 ||  1109
       Repelled          |       |       |       |       |     1 |       ||     1
Block: Other             |       |       |    32 |       |       |       ||    32
       Reflection        |       |       |     6 |       |       |       ||     6
       Kite shield       |       |       |    32 |   485 |   136 |       ||   653
       Tower shield      |       |       |       |       |  1411 |  1462 ||  2873

Table legend: (Time is in decaauts)
 A = Elapsed time spent in this place.
 B = Non-inter-level travel time spent in this place.
 C = Inter-level travel time spent in this place.
 D = Time resting spent in this place.
 E = Time spent auto-exploring this place.
 F = Levels seen in this place.
 G = Mean time per level.
                   A        B        C        D        E       F      G
               +--------+--------+--------+--------+--------+-----+--------+
         Total |  44834 |  42439 |   2395 |   9856 |  19273 |  36 | 1245.4 |
       Dungeon |  19054 |  17996 |   1058 |   3337 |   9524 |  15 | 1270.3 |
          Lair |   9220 |   8696 |    524 |   2387 |   3389 |   6 | 1536.7 |
         Swamp |   6358 |   6135 |    223 |   1730 |   2435 |   4 | 1589.5 |
     Snake Pit |   6988 |   6545 |    443 |   2191 |   2628 |   4 | 1747.0 |
  Orcish Mines |   1366 |   1220 |    146 |      0 |    745 |   2 |  683.0 |
        Vaults |    177 |    177 |      0 |      0 |     31 |   2 |   88.5 |
        Bailey |    622 |    622 |      0 |      0 |    288 |   1 |  622.0 |
      Ice Cave |    678 |    678 |      0 |    211 |    204 |   1 |  678.0 |
      Gauntlet |    366 |    366 |      0 |      0 |     28 |   1 |  366.0 |
               +--------+--------+--------+--------+--------+-----+--------+

Top non-repeatable levels by time:
    D:12: 3055 daAuts
 Snake:4: 2588 daAuts
  Lair:6: 2280 daAuts
     D:8: 2162 daAuts
  Lair:2: 2062 daAuts
 Swamp:1: 2042 daAuts
 Snake:1: 1949 daAuts
     D:9: 1944 daAuts
  Lair:5: 1676 daAuts
 Swamp:4: 1600 daAuts
 Snake:3: 1500 daAuts
     D:4: 1494 daAuts
 Swamp:2: 1454 daAuts
  Lair:4: 1435 daAuts
     D:3: 1338 daAuts
